Map: Abyssal Reef LE

Players

LiquidTLO (TLO)

  • Race: Zerg Zerg
  • Spawn Location: 5:00

Neeb - Winner!

  • Race: Protoss Protoss
  • Spawn Location: 11:00

Event: WCS Jonkoping 2017

VOD

Have the link to the VOD?

Description

Time

  • Played on: June 17, 2017, 1:36 p.m.
  • Length: 10:30

All games in this series

Show
View Real Time Build Order
Export as new Build Order

LiquidTLO Zerg 

Build Orders: Hatch First, Lurkers 

Get SALT Encoding   

  12  0:01  Drone  
  13  0:12  Overlord  
  13  0:17  Drone  
  14  0:31  Drone x2  
  16  0:48  Drone  
  17  0:55  Hatchery  
  16  0:58  Drone  
  17  1:10  Spawning Pool  
  16  1:13  Drone  
  16  1:16  Drone  
  18  1:20  Drone  
  19  1:28  Drone  
  19  1:31  Extractor  
  19  1:39  Overlord  
  19  1:57  Queen  
  19  1:58  Zergling x2  
  19  2:00  Zergling x2  
  23  2:06  Queen  
  23  2:08  Drone  
  26  2:11  Drone  
  27  2:18  Drone  
  28  2:30  Hatchery  
  28  2:31  Drone  
  28  2:35  Drone  
  29  2:40  Queen  
  31  2:49  Overlord  
  31  2:50  Drone x2  
  33  2:54  Drone  
  34  3:01  Drone  
  34  3:03  Metabolic Boost  
  33  3:07  Overlord  
  33  3:09  Drone  
  33  3:12  Drone  
  34  3:13  Drone  
  34  3:17  Drone  
  36  3:20  Zergling x2  
  36  3:25  Drone  
  36  3:26  Zergling x2  
  39  3:33  Spore Crawler  
  38  3:35  Drone  
  38  3:40  Drone  
  38  3:42  Drone  
  38  3:43  Drone x3  
  38  3:48  Spore Crawler  
  40  3:50  Spore Crawler, Drone  
  40  3:53  Drone  
  41  3:55  Drone  
  41  3:57  Spore Crawler  
  41  3:58  Drone  
  41  4:00  Drone  
  41  4:02  Drone  
  44  4:05  Drone  
  44  4:07  Drone  
  44  4:09  Drone  
  47  4:15  Spore Crawler  
  47  4:16  Extractor, Drone x2  
  47  4:20  Drone  
  47  4:21  Overlord  
  47  4:23  Drone x2  
  52  4:26  Drone  
  52  4:29  Drone  
  52  4:31  Drone x2  
  56  4:35  Extractor  
  56  4:36  Extractor x2, Lair  
  53  4:38  Drone  
  53  4:40  Drone  
  53  4:41  Drone  
  53  4:43  Drone  
  53  4:45  Zergling x4  
  57  4:47  Zergling x2  
  57  4:50  Zergling x2  
  60  4:55  Zergling x6  
  60  4:56  Zergling x4  
  65  5:00  Evolution Chamber  
  65  5:02  Zergling x2  
  65  5:03  Evolution Chamber  
  60  5:14  Overlord  
  60  5:17  Overlord x3  
  60  5:19  Overlord  
  60  5:24  Overlord  
  60  5:25  Overlord  
  60  5:27  Overlord  
  60  5:32  Overlord  
  60  5:35  Drone  
  61  5:36  Drone, Hydralisk Den  
  61  5:37  Zergling x2  
  62  5:44  Drone  
  62  5:45  Drone x2  
  65  5:52  Spore Crawler x2  
  65  5:56  Spore Crawler  
  63  5:58  Drone  
  65  6:06  Hydralisk x6, Muscular Augments  
  77  6:12  Hydralisk  
  77  6:14  Hydralisk x2  
  77  6:17  Zergling x2  
  84  6:18  Zergling x2  
  84  6:19  Hydralisk  
  84  6:21  Zergling x2  
  84  6:22  Zergling x2  
  84  6:23  Zergling x2  
  84  6:25  Zergling x2  
  91  6:27  Zergling x2  
  91  6:29  Overseer  
  91  6:30  Zergling x4  
  94  6:36  Hydralisk  
  94  6:37  Zergling x2  
  94  6:38  Zergling x4  
  94  6:39  Zergling x2  
  99  6:42  Zergling x2  
  99  6:43  Hydralisk, Zergling x2  
  99  6:45  Zergling x2  
  99  6:46  Zergling x2  
  105  6:49  Zergling x2  
  105  6:51  Zergling x2  
  107  6:55  Zergling x2  
  107  6:56  Zergling x2  
  107  6:57  Zergling x2  
  107  7:00  Hydralisk x2  
  114  7:02  Zergling x6  
  114  7:04  Zergling x2  
  114  7:07  Zergling x2  
  119  7:08  Zergling x4  
  119  7:14  Zergling x2  
  122  7:15  Hydralisk  
  122  7:16  Hydralisk  
  122  7:17  Zergling x2  
  122  7:18  Hydralisk  
  122  7:20  Zergling x2  
  129  7:25  Overlord  
  129  7:26  Overlord  
  129  7:29  Lurker Den  
  129  7:32  Zergling x2  
  129  7:34  Overlord  
  129  7:35  Zergling x2  
  129  7:36  Zergling x2  
  128  7:38  Zergling x2  
  128  7:39  Zergling x2  
  128  7:41  Zergling x2  
  128  7:44  Zergling x2  
  128  7:45  Zergling x2  
  128  7:47  Zergling x2  
  130  7:51  Zergling x2  
  130  7:52  Zergling x2  
  130  7:53  Zergling x2  
  128  8:00  Zergling x8  
  128  8:02  Zergling x2  
  128  8:03  Zergling x2  
  128  8:04  Zergling x2  
  134  8:07  Zergling x2  
  134  8:08  Zergling x2  
  136  8:15  Zergling x2  
  136  8:16  Zergling x2  
  136  8:18  Overlord  
  138  8:22  Zergling x2  
  138  8:25  Zergling x2  
  140  8:28  Zergling x2  
  140  8:30  Overseer  
  140  8:31  Zergling x2  
  140  8:33  Zergling x2  
  143  8:34  Zergling x2  
  143  8:37  Overlord  
  143  8:39  Overlord  
  144  8:43  Zergling x2  
  144  8:44  Zergling x2  
  144  8:48  Zergling x6  
  148  8:56  Lurker  
  148  8:58  Lurker x8  
  148  8:59  Zergling x2  
  148  9:02  Zergling x2  
  156  9:06  Hydralisk  
  156  9:08  Hydralisk  
  157  9:13  Hydralisk  
  153  9:27  Zergling x2  
  153  9:28  Zergling x4  
  153  9:29  Zergling x2  
  153  9:30  Zergling x4  
  159  9:31  Zergling x2  
  159  9:34  Zergling x2  
  159  9:35  Zergling x2  
  159  9:36  Zergling x2  
  159  9:37  Zergling x2  
  159  9:38  Zergling x2  
  155  9:42  Hydralisk  
  155  9:48  Hydralisk  
  155  9:51  Zergling x2  
  150  9:53  Hydralisk  
  150  9:55  Zergling x2  
  138  10:00  Zergling x2  
  138  10:01  Hydralisk  
  138  10:05  Zergling x2  
  119  10:09  Zergling x2  
  119  10:12  Zergling x2  
Show
View Real Time Build Order
Export as new Build Order

Neeb Protoss - Winner!

Build Orders: 1 Gate Expand, Oracle Opening 

Get SALT Encoding   

  12  0:01  Probe (Chrono Boost)  
  13  0:12  Probe (Chrono Boost)  
  14  0:19  Pylon  
  14  0:23  Probe (Chrono Boost)  
  15  0:38  Probe (Chrono Boost)  
  15  0:41  Gateway  
  16  0:46  Assimilator  
  16  0:48  Probe (Chrono Boost)  
  17  0:59  Probe (Chrono Boost)  
  18  1:09  Probe (Chrono Boost)  
  19  1:22  Nexus  
  20  1:25  Probe (Chrono Boost)  
  20  1:35  Cybernetics Core  
  21  1:40  Probe (Chrono Boost)  
  21  1:43  Assimilator  
  21  1:50  Probe (Chrono Boost)  
  21  1:53  Pylon  
  22  2:01  Probe (Chrono Boost)  
  23  2:11  Probe (Chrono Boost), Adept (Chrono Boost)  
  23  2:12  Warp Gate  
  26  2:23  Pylon, Probe  
  27  2:34  Probe, Stargate  
  27  2:35  Probe  
  29  2:39  Adept (Chrono Boost)  
  31  2:45  Probe  
  31  2:47  Probe  
  33  2:55  Probe  
  34  2:59  Probe  
  34  3:03  Adept (Chrono Boost)  
  37  3:06  Probe  
  37  3:11  Probe  
  39  3:16  Probe  
  39  3:18  Oracle (Chrono Boost)  
  43  3:21  Gateway  
  43  3:24  Probe  
  43  3:25  Gateway  
  44  3:29  Probe, Pylon  
  45  3:36  Probe  
  46  3:42  Probe  
  45  3:50  Oracle (Chrono Boost)  
  45  3:52  Probe  
  45  3:53  Probe  
  45  3:55  Pylon  
  50  4:05  Mothership Core  
  50  4:08  Nexus  
  50  4:09  Probe  
  52  4:10  Pylon  
  53  4:19  Probe  
  54  4:26  Probe  
  54  4:27  Phoenix (Chrono Boost)  
  54  4:30  Probe  
  57  4:32  Adept x3  
  64  4:39  Probe, Assimilator  
  64  4:40  Probe  
  64  4:42  Assimilator  
  64  4:43  Pylon  
  66  4:51  Probe x2, Robotics Facility  
  68  5:01  Probe  
  68  5:03  Probe  
  70  5:12  Probe  
  71  5:15  Probe  
  71  5:19  Probe, Twilight Council  
  71  5:21  Forge  
  71  5:22  Probe  
  71  5:25  Pylon  
  71  5:27  Probe  
  73  5:28  Sentry  
  73  5:29  Probe, Sentry  
  73  5:33  Probe  
  79  5:39  Probe  
  79  5:40  Probe, Protoss Ground Weapons Level 1  
  81  5:43  Probe, Gateway  
  81  5:44  Gateway  
  81  5:47  Gateway  
  81  5:48  Gateway  
  81  5:49  Resonating Glaives (Chrono Boost), Gateway  
  82  5:51  Probe, Pylon  
  83  5:58  Warp Prism (Chrono Boost)  
  83  6:01  Probe  
  83  6:03  Probe  
  87  6:04  Probe  
  87  6:05  Adept  
  87  6:09  Adept x2  
  94  6:16  Pylon x2  
  94  6:17  Probe x2  
  94  6:18  Probe  
  97  6:23  Assimilator  
  97  6:25  Pylon  
  97  6:26  Pylon, Assimilator  
  97  6:29  Probe  
  100  6:36  Immortal (Chrono Boost)  
  100  6:37  Adept x3  
  108  6:42  Pylon  
  108  6:44  Pylon  
  108  6:50  Templar Archives  
  108  6:55  Pylon  
  108  6:57  Pylon  
  108  6:58  Adept x4  
  114  7:01  Adept x2  
  118  7:10  Immortal (Chrono Boost)  
  118  7:11  Adept  
  124  7:18  Cybernetics Core, Adept x3  
  130  7:25  Adept x3  
  130  7:29  Protoss Ground Weapons Level 2  
  136  7:42  Adept x3  
  136  7:43  Adept x2  
  150  7:44  Immortal (Chrono Boost)  
  150  7:56  High Templar x2  
  142  8:05  Archon  
  142  8:08  Charge  
  142  8:10  Nexus  
  142  8:12  High Templar x2  
  144  8:13  Zealot x4  
  144  8:18  Immortal (Chrono Boost), Archon  
  156  8:25  Probe  
  157  8:33  Probe x2  
  159  8:44  Pylon x3  
  159  8:45  High Templar x2  
  163  8:49  Archon  
  163  8:51  Robotics Facility  
  163  8:53  Pylon  
  165  8:55  Immortal (Chrono Boost)  
  165  9:12  Photon Cannon  
  165  9:13  Photon Cannon  
  165  9:15  Photon Cannon  
  165  9:26  Zealot  
  165  9:29  Immortal (Chrono Boost)  
  169  9:32  Sentry  
  169  9:34  Zealot x6  
  181  9:44  Immortal (Chrono Boost)  
  185  9:49  Probe  
  185  9:50  Probe  
  185  9:55  Adept x4  
  185  9:56  Adept  
  177  10:12  Probe x3  
  173  10:19  Adept x3  
  183  10:27  Sentry  
Tags
 
Add a new tag
Caveats
  • Supply blocks, unpowered buildings, or Contaminate may cause inaccurate times.
  • Supply counts are checked every 10 seconds.